 Dungeon Crawl Stone Soup version 0.24-a0-769-g368c1644f8 (webtiles) character file.

Game seed: 15129283106999108872, levelgen mode: deterministic

254 Arixos the Magician (level 5, 0/42 HPs)
             Began as a Deep Elf Wizard on Oct 4, 2019.
             Succumbed to a scorpion's poison
             ... on level 4 of the Dungeon.
             The game lasted 00:12:13 (2314 turns).

Arixos the Magician (Deep Elf Wizard)               Turns: 2314, Time: 00:12:14

Health: 0/42       AC: 22    Str:  4    XL:     5   Next: 90%
Magic:  3/15       EV:  2    Int: 24    God:
Gold:   97         SH:  0    Dex: 18    Spells: 7/16 levels left

rFire    . . .     SeeInvis .   (no weapon)
rCold    . . .     Gourm    .   (no shield)
rNeg     + + +     Faith    .   (armour currently unavailable)
rPois    +         Spirit   .   (helmet currently unavailable)
rElec    .         Reflect  .   (cloak currently unavailable)
rCorr    .         Harm     .   (gloves currently unavailable)
MR       .....     NoTele   +   (boots currently unavailable)
Stlth    +++.......             (no amulet)
HPRegen  0.14/turn              (no ring)
MPRegen  0.14/turn              (no ring)

@: agile, lethally poisoned (0 -> -2), tree-form
A: no striking features
a: no special abilities


You were on level 4 of the Dungeon.
You were not hungry.
You were a tree.
You visited 1 branch of the dungeon, and saw 4 of its levels.

You collected 97 gold pieces.

Inventory:

Armour
 a - a +0 robe (melded)
 b - a +0 hat (melded)
 f - a +0 pair of gloves (melded)
Scrolls
 h - a scroll of immolation {unknown}
 j - 3 scrolls of teleportation
 l - a scroll of identify {unknown}
 n - a scroll of enchant armour {unknown}
Comestibles
 d - 4 rations


   Skills:
 + Level 4.7 Dodging
 - Level 2.4 Stealth
 + Level 6.3 Spellcasting
 + Level 3.8 Conjurations
   Level 1.1 Summonings
 - Level 1.1 Translocations


You had 7 spell levels left.
You knew the following spells:

 Your Spells              Type           Power        Failure   Level  Hunger
a - Magic Dart            Conj           ####         1%          1    None
c - Mephitic Cloud        Conj/Pois/Air  ##......     14%         3    None
e - Blink                 Tloc           N/A          8%          2    None
f - Conjure Flame         Conj/Fire      ###.....     11%         3    None

Your spell library contained the following spells:

 Spells                   Type           Power        Failure   Level  Hunger
 Call Imp                 Summ           ##......     8%          2    None
 Slow                     Hex            #.......     12%         2    None


Dungeon Overview and Level Annotations

Branches:
Dungeon (4/15)
 Temple: D:4-7

Altars:
Xom

Shops:
D:4 [

Annotations:
D:2 Natasha, Terence


Innate Abilities, Weirdness & Mutations

((You have sharp toenails.))
((Your flesh is cold resistant. (rC+)))


Message History

The scorpion is almost dead.
* * * LOW HITPOINT WARNING * * *
You feel sick.
The scorpion stings you but does no damage.
You hit the scorpion.
You kill the scorpion!
Okay, then.
You eat one of the 5 rations.
That ration really hit the spot!
* * * LOW HITPOINT WARNING * * *
You feel sick.
As you read the scroll labeled MASCHOCZE HONIKIPP, it crumbles to dust.
It is a scroll of enchant weapon.
You aren't carrying any weapons that can be enchanted.
As you read the scroll labeled BUGHUD KARE, it crumbles to dust.
You feel a strange sense of stasis.
It was a scroll of teleportation.
As you read the scroll labeled KAD BIFFYOCLO, it crumbles to dust.
You feel aware of your surroundings.
It was a scroll of magic mapping.
As you read the scroll labeled ISU IRGHAHIMER, it crumbles to dust.
You feel blessed for a moment.
It was a scroll of remove curse.
You die...

#.......### #.#####...# ##.#
###.##### *#####* #..#
##♣...... **...^.#* ##.##
#♣.∩.♣#### **,[.....#*#..#
#..♣....# *,,......)##.##
#.......# *,,.......#..#
#.......# *,,.......#♣##
#.......# *,,.......†.#
#.......##
*,,........##***###........#
**,.........,,,,............
*,,(......###*****#.........
*,,.......* #####.###.
*,,.......* #.####
*,,.......* #..###
*,,.......* ##..##


There were no monsters in sight!

Vanquished Creatures
  A scorpion (D:4)
  A bullfrog skeleton (D:4)
  Natasha (D:2)
  3 worker ants (D:4)
  3 adders
  An ooze (D:1)
  A worm (D:4)
  4 leopard geckos
  9 bats (D:1)
  7 goblins
  4 hobgoblins
  A quokka (D:4)
  3 frilled lizards (D:1)
  3 kobolds (D:1)
  5 rats (D:1)
47 creatures vanquished.

Notes
Turn   | Place    | Note
-------+----------+-------------------------------------------
     0 | D:1      | Arixos the Deep Elf Wizard began the quest for the Orb.
     0 | D:1      | Reached XP level 1. HP: 10/10 MP: 7/7
   214 | D:1      | Reached XP level 2. HP: 15/15 MP: 2/9
   314 | D:1      | Learned a level 2 spell: Blink
   668 | D:1      | Reached XP level 3. HP: 19/19 MP: 4/11
   846 | D:1      | Found a shimmering altar of Xom.
   851 | D:1      | Reached skill level 5 in Spellcasting
  1224 | D:2      | Noticed Natasha
  1232 | D:2      | Killed Natasha
  1315 | D:2      | Reached XP level 4. HP: 21/24 MP: 5/13
  1353 | D:2      | Noticed Terence
  1417 | D:2      | Noticed Natasha
  1788 | D:3      | Learned a level 3 spell: Conjure Flame
  1792 | D:3      | Learned a level 3 spell: Mephitic Cloud
  2034 | D:4      | Reached XP level 5. HP: 28/28 MP: 6/15
  2252 | D:4      | Found Jeilor's Armour Emporium.
  2293 | D:4      | Reached skill level 6 in Spellcasting
  2299 | D:4      | Gained mutation: You have sharp toenails. [potion of
                  | mutation]
  2299 | D:4      | Gained mutation: Your flesh is cold resistant. (rC+)
                  | [potion of mutation]
  2306 | D:4      | HP: 2/42 [poisoned by a scorpion]
  2314 | D:4      | Succumbed to a scorpion's poison

Levels and vault maps discovered:
D:1:      dpeg_arrival_rooms_a, layout_basic, xom_teletrap_fun
D:2:      layout_basic, hangedman_glass_garden, uniq_jessica, uniq_natasha,
          uniq_terence
D:3:      layout_loops_corners
D:4:      layout_rooms, serial_shops, nicolae_shop_trees, first_ration,
          uniq_grinder

Skill      XL: |  1  2  3  4  5 |
---------------+----------------+-----
Dodging        | 3 4 |  4.7
Conjurations   | 2 3 |  3.8
Spellcasting   | 5 6 |  6.3
Stealth        | |  2.4
Summonings     | |  1.1
Translocations | |  1.1

Action                   |  1- 3 |  4- 6 || total
-------------------------+-------+-------++-------
Melee: Unarmed           |     4 |    10 ||    14
 Cast: Magic Dart        |    79 |    76 ||   155
       Blink             |       |     3 ||     3
  Use: Potion            |       |     5 ||     5
       Scroll            |       |     4 ||     4
  Eat: Chunk             |     1 |     2 ||     3
       Ration            |       |     1 ||     1
Armor: Skin              |       |     5 ||     5
       Robe              |       |     2 ||     2
Dodge: Dodged            |     8 |    24 ||    32

Table legend:
 A = Non-vault XP
 B = Vault XP
 C = Vault XP percentage of total XP
 D = Non-vault monster count
 E = Vault monster count
 F = Vault count percentage of total count
                 A         B        C        D         E       F
            +---------+---------+-------+---------+---------+-------
      Total |     328 |      35 |   9.6 |      46 |       1 |   2.1
            +---------+---------+-------+---------+---------+-------
        D:1 |      52 |       0 |   0.0 |      29 |       0 |   0.0
        D:2 |      23 |      35 |  60.3 |       5 |       1 |  16.7
        D:3 |      18 |       0 |   0.0 |       3 |       0 |   0.0
        D:4 |     235 |       0 |   0.0 |       9 |       0 |   0.0
            +---------+---------+-------+---------+---------+-------
